Map: Abiogenesis LE

Players

Vlign - Winner!

  • Race: Terran Terran
  • League: Diamond
  • Spawn Location: 11:00

A.I. 1 (Elite)

  • Race: Zerg Zerg
  • Spawn Location: 5:00

VOD

Have the link to the VOD?

Description

Time

  • Played on: July 4, 2018, 9:29 p.m.
  • Length: 12:53
Show
View Real Time Build Order
Export as new Build Order

Vlign Terran - Winner!

Build Orders: Reaper Expand, Bio Tank 

Get SALT Encoding   

  12  0:01  SCV  
  13  0:13  SCV  
  14  0:18  Supply Depot  
  14  0:26  SCV  
  15  0:40  SCV  
  15  0:42  Barracks  
  16  0:48  Refinery  
  16  0:52  SCV  
  17  1:04  SCV  
  18  1:16  SCV  
  19  1:31  Reaper  
  21  1:33  Orbital Command  
  20  1:44  Command Center  
  20  1:54  Refinery  
  20  1:58  Supply Depot  
  20  2:01  SCV  
  21  2:09  Barracks Reactor  
  21  2:13  SCV  
  22  2:20  Barracks  
  22  2:25  SCV  
  23  2:32  Factory  
  23  2:37  SCV  
  24  2:46  Marine x2  
  24  2:49  SCV  
  27  2:56  Orbital Command  
  27  3:01  SCV  
  27  3:04  Barracks  
  28  3:09  Marine x2  
  31  3:20  Barracks Tech Lab  
  31  3:23  Starport  
  31  3:25  SCV  
  31  3:28  SCV  
  31  3:33  Engineering Bay  
  32  3:38  SCV  
  33  3:41  Marine  
  33  3:45  Marine  
  33  3:46  Marine  
  33  3:47  Widow Mine  
  38  3:49  SCV  
  38  3:53  Stimpack  
  39  3:56  Supply Depot  
  39  4:01  Terran Infantry Weapons Level 1  
  39  4:08  Supply Depot, Medivac  
  41  4:12  Factory Reactor  
  41  4:13  Barracks Tech Lab  
  41  4:15  SCV  
  42  4:17  SCV  
  42  4:20  Marine x2  
  45  4:24  Marine  
  45  4:30  Supply Depot, SCV  
  47  4:34  Combat Shield, Marine  
  48  4:40  Marine x2  
  48  4:42  Marine  
  48  4:45  Supply Depot, SCV  
  52  4:53  Marine, Medivac  
  52  4:57  Medivac  
  52  4:59  SCV  
  58  5:00  SCV, Marine  
  58  5:01  Marine x2  
  58  5:06  Supply Depot  
  62  5:09  Refinery  
  62  5:11  SCV, Factory Tech Lab  
  63  5:15  Marine  
  63  5:18  Marine  
  63  5:19  Marine  
  63  5:20  Marine  
  67  5:23  SCV  
  67  5:25  SCV  
  69  5:30  Supply Depot  
  69  5:32  Marine  
  70  5:36  Marine  
  70  5:37  Marine  
  70  5:38  Marine  
  73  5:43  Siege Tank  
  73  5:49  SCV, Command Center  
  60  6:15  SCV x2  
  59  6:19  Refinery  
  59  6:25  Barracks  
  59  6:26  Factory  
  59  6:28  SCV x2  
  59  6:30  Barracks  
  59  6:31  Marauder, Barracks, Concussive Shells  
  63  6:33  Marauder, Barracks  
  63  6:35  Siege Tank  
  63  6:37  Medivac  
  70  6:40  SCV, Medivac  
  70  6:42  Marine  
  70  6:43  Marine  
  70  6:46  SCV  
  76  6:53  Terran Infantry Armor Level 1  
  76  6:55  Armory  
  76  6:58  SCV  
  76  6:59  SCV  
  78  7:02  Orbital Command  
  78  7:10  SCV  
  78  7:11  SCV  
  80  7:17  Marine  
  80  7:18  Marine  
  80  7:19  Barracks Reactor  
  80  7:21  Barracks Reactor  
  80  7:22  Refinery, Barracks Tech Lab, SCV  
  83  7:23  SCV  
  83  7:26  Refinery, Barracks Reactor, Factory Tech Lab  
  84  7:32  Engineering Bay  
  84  7:35  Medivac  
  86  7:39  Siege Tank  
  86  7:43  Orbital Command  
  89  7:49  Siege Tank  
  92  7:52  SCV x2  
  92  7:53  Marine x2  
  92  7:56  Marine x2  
  98  7:59  Medivac  
  98  8:01  Marine  
  98  8:02  Marine  
  98  8:04  SCV  
  98  8:05  Marine x2  
  104  8:09  SCV  
  107  8:12  SCV  
  107  8:16  SCV  
  107  8:17  Terran Infantry Weapons Level 2  
  108  8:21  SCV  
  109  8:34  Supply Depot x2  
  109  8:35  Supply Depot  
  109  8:37  Siege Tank, SCV, Marine  
  103  8:53  Marine x4  
  103  8:54  Marine x3  
  109  8:56  Marauder x3  
  109  8:57  Siege Tank, Medivac x2  
  109  8:58  Terran Infantry Armor Level 2  
  122  9:05  Marine  
  122  9:06  Command Center  
  122  9:09  Terran Vehicle Weapons Level 1  
  123  9:12  Siege Tank  
  123  9:14  Marine x7  
  133  9:22  Supply Depot x2  
  133  9:24  Supply Depot  
  133  9:26  Marine x2  
  133  9:27  Marauder x2  
  141  9:32  Viking  
  141  9:43  Siege Tank, Viking  
  134  10:16  Siege Tank x2  
  134  10:17  Marine x2, Medivac x2  
  134  10:18  Marauder x3, Marine x5  
  156  10:50  Marauder, Marine x4  
  156  10:51  Marine x4  
  156  10:52  Marauder x2, Siege Tank  
  156  10:53  Siege Tank, Medivac x2  
  180  10:58  Unknown  
Show
View Real Time Build Order
Export as new Build Order

A.I. 1 (Elite) Zerg 

Build Orders: Pool First 

Get SALT Encoding   

  12  0:00  Drone  
  13  0:12  Overlord  
  13  0:16  Drone  
  14  0:31  Drone x2  
  14  0:34  Drone  
  17  0:48  Spawning Pool, Drone  
  17  1:12  Hatchery  
  17  1:14  Drone  
  17  1:15  Extractor  
  17  1:18  Drone  
  17  1:21  Extractor  
  17  1:23  Drone  
  17  1:28  Drone  
  18  1:38  Drone  
  19  1:49  Overlord  
  19  1:54  Queen  
  19  2:00  Zergling x2  
  22  2:11  Drone  
  23  2:21  Drone  
  23  2:28  Queen  
  25  2:34  Drone  
  26  2:39  Drone  
  26  2:44  Drone  
  28  2:48  Drone  
  29  3:01  Roach Warren  
  29  3:02  Drone  
  29  3:06  Drone  
  29  3:08  Zergling x2  
  29  3:12  Zergling x2  
  31  3:14  Zergling x2  
  32  3:21  Overlord  
  32  3:24  Drone  
  33  3:27  Drone  
  34  3:42  Roach x2  
  34  3:44  Roach  
  34  3:45  Roach  
  42  3:50  Drone  
  42  3:55  Lair  
  42  4:00  Overlord  
  42  4:05  Overlord  
  42  4:08  Zergling x2  
  43  4:18  Drone x2, Zergling x4  
  43  4:20  Drone  
  43  4:23  Drone  
  49  4:26  Drone  
  49  4:30  Overlord  
  50  4:34  Roach  
  54  4:38  Roach  
  54  4:41  Roach  
  54  4:45  Roach  
  58  4:48  Overlord  
  58  4:55  Hydralisk Den, Drone  
  58  4:57  Drone  
  58  4:59  Drone  
  60  5:02  Roach  
  62  5:08  Drone  
  62  5:11  Drone  
  62  5:12  Drone  
  65  5:14  Drone  
  65  5:18  Overlord  
  65  5:21  Drone  
  67  5:22  Drone  
  67  5:24  Hydralisk, Drone  
  67  5:27  Hydralisk  
  73  5:29  Drone  
  73  5:32  Drone  
  75  5:36  Overlord, Drone  
  75  5:38  Drone  
  75  5:42  Drone x2  
  79  5:46  Infestation Pit  
  79  5:49  Drone  
  79  5:51  Roach  
  79  5:55  Overlord  
  81  6:00  Hydralisk  
  75  6:05  Hydralisk  
  75  6:06  Zergling x2  
  75  6:08  Zergling x2  
  75  6:10  Baneling Nest  
  75  6:11  Drone  
  71  6:13  Roach  
  71  6:15  Roach  
  75  6:23  Overseer  
  75  6:24  Infestor  
  75  6:25  Evolution Chamber  
  76  6:27  Infestor  
  76  6:30  Evolution Chamber  
  76  6:31  Drone  
  76  6:32  Ravager  
  79  6:33  Hatchery  
  78  6:42  Drone  
  78  6:44  Roach  
  81  6:51  Overlord, Ravager  
  81  6:52  Zerg Missile Weapons Level 1, Extractor  
  81  6:54  Baneling, Drone  
  82  6:55  Roach  
  82  6:56  Zerg Ground Armor Level 1  
  82  7:00  Baneling, Extractor, Zergling x2  
  84  7:02  Drone  
  84  7:05  Baneling  
  85  7:09  Baneling, Zergling x2  
  85  7:15  Overlord, Drone x3  
  87  7:17  Hydralisk  
  87  7:22  Drone  
  92  7:23  Drone  
  92  7:24  Drone  
  92  7:26  Hydralisk  
  96  7:34  Overlord  
  96  7:38  Infestor  
  98  7:46  Drone x2  
  98  7:48  Drone  
  98  7:49  Drone x3  
  104  7:56  Drone  
  104  7:57  Extractor, Drone  
  104  7:58  Extractor, Drone  
  105  8:06  Drone  
  105  8:08  Drone  
  105  8:09  Pathogen Glands, Drone  
  108  8:17  Overlord  
  108  8:18  Drone  
  108  8:19  Spine Crawler  
  108  8:20  Spine Crawler, Drone, Roach x3  
  114  8:28  Drone  
  114  8:30  Drone x2  
  117  8:34  Queen  
  117  8:38  Overlord  
  117  8:39  Baneling  
  117  8:41  Zergling x4  
  87  8:49  Hydralisk  
  87  8:51  Infestor  
  87  8:52  Zergling x2, Drone, Roach  
  85  9:00  Hydralisk  
  87  9:03  Overseer, Zergling x2, Roach  
  87  9:04  Ravager  
  87  9:05  Neural Parasite  
  91  9:11  Baneling, Roach  
  91  9:13  Roach  
  91  9:14  Drone  
  96  9:19  Baneling, Ravager  
  96  9:20  Baneling  
  96  9:21  Zergling x2  
  96  9:23  Baneling, Infestor, Ravager  
  96  9:24  Baneling, Zergling x4, Roach  
  101  9:25  Spore Crawler, Roach  
  101  9:32  Roach  
  101  9:35  Roach  
  101  9:36  Roach  
  107  9:43  Roach  
  109  9:45  Zergling x2  
  109  9:46  Baneling x4, Zergling x2  
  109  9:52  Overlord, Zergling x2  
  112  9:53  Baneling x2, Zergling x4  
  112  9:56  Metabolic Boost, Zergling x2  
  112  9:58  Drone, Evolution Chamber  
  110  10:04  Roach  
  89  10:07  Roach  
  89  10:09  Baneling, Roach  
  89  10:13  Hydralisk  
  89  10:14  Drone, Roach  
  86  10:15  Spore Crawler  
  86  10:16  Baneling x2, Drone  
  86  10:18  Zergling x2  
  86  10:19  Drone  
  86  10:21  Drone, Hatchery, Zergling x2, Roach  
  90  10:27  Infestor  
  90  10:28  Overseer  
  93  10:31  Zergling x2  
  83  10:37  Roach  
  83  10:42  Roach  
  85  10:45  Zergling x2, Roach  
  85  10:49  Baneling, Zergling x2  
  71  10:52  Roach x2  
  71  10:53  Roach  
  51  11:01  Hydralisk  
  51  11:03  Hydralisk  
  48  11:04  Drone  
  48  11:06  Baneling Nest  
  38  11:13  Zergling x2  
  10  11:57  Drone x4  
  5  12:33  Drone x3  
Tags
 
Composition
Bio Tank
League
Diamond
Matchup
TvZ
Replay Pack
replaypack1
Spawn Locations
Cross Positions
Add a new tag
Caveats
  • Supply blocks, unpowered buildings, or Contaminate may cause inaccurate times.
  • Supply counts are checked every 10 seconds.